 Dungeon Crawl Stone Soup version 0.24-a0-434-gd57e52fea8 (webtiles) character file.

Game seed: 10333734729207850170

207 Gargoyl the Skirmisher (level 5, 0/46 HPs)
             Began as a Centaur Abyssal Knight on June 16, 2019.
             Was a Believer of Lugonu.
             Killed by nerve-wracking pain
             ... invoked by Grinder
              (13 damage)
             ... on level 3 of the Dungeon.
             The game lasted 00:06:18 (3957 turns).

Gargoyl the Skirmisher (Centaur Abyssal Knight)     Turns: 3957, Time: 00:06:18

Health: 0/46       AC:  9    Str: 14    XL:     5   Next: 54%
Magic:  7/7        EV:  3    Int: 11    God:    Lugonu [**....]
Gold:   166        SH:  3    Dex: 10    Spells: 4/4 levels left

rFire    . . .     SeeInvis .   a - +2 hand axe
rCold    . . .     Gourm    .   g - +0 buckler
rNeg     . . .     Faith    .   k - +2 chain mail (curse)
rPois    .         Spirit   .   (no helmet)
rElec    .         Reflect  .   (no cloak)
rCorr    .         Harm     .   (no gloves)
MR       .....                  (no barding)
Stlth    ..........             (no amulet)
HPRegen  0.15/turn              (no ring)
MPRegen  0.10/turn              (no ring)

@: very quick
A: large, hooves 3, deformed body, speed 2, tough skin 3
a: Depart the Abyss, Bend Space, Renounce Religion


You were on level 3 of the Dungeon.
You worshipped Lugonu.
Lugonu was pleased with you.
You were hungry.

You visited 1 branch of the dungeon, and saw 4 of its levels.
You visited the Abyss 1 time.

You collected 166 gold pieces.

Inventory:

Hand Weapons
 a - a +2 hand axe (weapon)
Missiles
 o - 3 boomerangs (quivered)
Armour
 g - a +0 buckler (worn)
 k - a cursed +2 chain mail (worn)
Scrolls
 d - 2 scrolls of magic mapping
 e - 5 scrolls of blinking
 f - a scroll of identify
 h - 5 scrolls of enchant weapon
 m - a scroll of teleportation
Potions
 i - a potion of ambrosia
 l - a potion of cancellation
Comestibles
 c - 9 rations


   Skills:
 + Level 3.7 Fighting
 + Level 2.8 Axes
 * Level 2.4 Armour
 * Level 2.0 Dodging
 * Level 3.0 Invocations


You had 4 spell levels left.
You didn't know any spells.
Your spell library was empty.

Dungeon Overview and Level Annotations

Branches:
Dungeon (4/15)
 Temple: D:4-7

Altars:
Dithmenos
Hepliaklqana

Annotations:
D:3 Grinder


Innate Abilities, Weirdness & Mutations

You have hooves in place of feet.
Armour fits poorly on your strangely shaped body.
You cover ground very quickly.
You have extremely tough skin. (AC +3)


Message History

You hit Grinder. Your kick misses Grinder.
Grinder is almost dead.
Grinder hits you but does no damage.
Your chain mail prevents you from hitting Grinder.
Your kick misses Grinder.
Grinder is almost dead.
Grinder hits you.
You writhe in agony.
You hit Grinder but do no damage. You kick Grinder.
Grinder is almost dead.
Grinder hits you.
You writhe in agony.
Grinder hits you but does no damage.
You hit Grinder.
Grinder is almost dead.
Grinder gestures at you. Pain shoots through your body!
* * * LOW HITPOINT WARNING * * *
You closely miss Grinder.
Grinder is almost dead.
Grinder gestures at you. Pain shoots through your body!
You die...

#.# #.# #.# #.# #.# #.# ###.##
##.#..# ### ### #..@..# ##.#
#####.#######5##.###########...
#.............#...(............
#.#........).....######.####...
#.##...#########.# #.# ##.#
#.###.## #.# #.# #.# #.# #.###
##.## ##.## #.# #<# #...#
##.#.## #...####.# ###.#####.#
##.###.###........<


You could see Grinder.

Vanquished Creatures
  Natasha (D:2)
  4 gnolls (D:3)
  4 adders
  An ooze (D:3)
  3 worms (D:2)
  3 dart slugs
  4 leopard geckos
  3 orcs (D:3)
  A ball python (D:3)
  9 bats
  3 giant cockroaches
  5 goblins
  7 hobgoblins
  12 jackals
  10 kobolds
  A quokka (D:3)
  2 frilled lizards
  6 rats
79 creatures vanquished.

Notes
Turn   | Place    | Note
-------+----------+-------------------------------------------
     0 | Abyss:1  | Gargoyl the Centaur Abyssal Knight began the quest for the
                  | Orb.
     0 | Abyss:1  | Reached XP level 1. HP: 19/19 MP: 2/2
    27 | Abyss:1  | Noticed a ynoxinul
    30 | Abyss:1  | Noticed a large abomination
    30 | Abyss:1  | Noticed an ancient zyme
    37 | D:1      | Escaped the Abyss
   268 | D:1      | Reached * piety under Lugonu
   268 | D:1      | Reached XP level 2. HP: 17/26 MP: 3/3
   731 | D:1      | Reached skill level 1 in Dodging
   990 | D:1      | Reached XP level 3. HP: 26/31 MP: 4/4
  1609 | D:2      | Found a hazy altar of Hepliaklqana.
  1748 | D:2      | Found a shadowy altar of Dithmenos.
  1827 | D:2      | Reached XP level 4. HP: 38/38 MP: 5/5
  2155 | D:2      | Noticed Natasha
  2164 | D:2      | Killed Natasha
  2845 | D:3      | Reached ** piety under Lugonu
  3049 | D:3      | Reached XP level 5. HP: 43/45 MP: 7/7
  3918 | D:4      | Noticed Grinder
  3935 | D:3      | Paralysed by Grinder for 7 turns
  3946 | D:3      | Paralysed by Grinder for 4 turns
  3957 | D:3      | Killed from afar by Grinder

Levels and vault maps discovered:
D:1:      ncdulo_halloftheorcs, layout_rooms
D:2:      layout_basic, lemuel_doored_altar, nicolae_dithmenos_shadow_blocks,
          minmay_three_crescents, uniq_natasha
D:3:      minmay_octagon_keep, layout_loops_ring
D:4:      layout_basic, tgw_sif, doesnt_xom_only_xom, grunt_ministairs_3,
          trog_three_pillars_becter, uniq_pikel, uniq_grinder

Skill      XL: |  1  2  3  4  5 |
---------------+----------------+-----
Axes           | 2 |  2.8
Dodging        | 1 2 |  2.0
Armour         | 2 |  2.4
Invocations    | 3 |  3.0
Fighting       | |  3.7

Action                   |  1- 3 |  4- 6 || total
-------------------------+-------+-------++-------
Melee: Hand axe          |   120 |   148 ||   268
       Kick              |    15 |    30 ||    45
Throw: Boomerang         |       |     2 ||     2
Invok: Depart the Abyss  |     1 |       ||     1
  Use: Scroll            |     5 |     9 ||    14
       Potion            |       |     4 ||     4
  Eat: Chunk             |     2 |     5 ||     7
Armor: Leather armour    |    62 |    11 ||    73
       Chain mail        |       |    98 ||    98
Dodge: Dodged            |    76 |    45 ||   121
Block: Buckler           |       |     1 ||     1

Table legend:
 A = Non-vault XP
 B = Vault XP
 C = Vault XP percentage of total XP
 D = Non-vault monster count
 E = Vault monster count
 F = Vault count percentage of total count
                 A         B        C        D         E       F
            +---------+---------+-------+---------+---------+-------
      Total |     194 |     103 |  34.7 |      62 |      17 |  21.5
            +---------+---------+-------+---------+---------+-------
        D:1 |      50 |       0 |   0.0 |      25 |       0 |   0.0
        D:2 |      55 |      56 |  50.5 |      19 |       7 |  26.9
        D:3 |      89 |      47 |  34.6 |      18 |      10 |  35.7
            +---------+---------+-------+---------+---------+-------
